Map: 2000 Atmospheres LE

Players

Vanya - Winner!

  • Race: Zerg Zerg
  • League: Master

GunGFuBanDa

  • Race: Protoss Protoss
  • League: Grandmaster

Event: DreamHack SC2 Masters 2021 Summer

VOD

Have the link to the VOD?

Description

Time

  • Played on: May 20, 2021, 12:58 p.m.
  • Length: 8:40

All games in this series

Show
View Real Time Build Order
Export as new Build Order

Vanya Zerg - Winner!

Build Orders: Hatch First 

Get SALT Encoding   

  12  0:00  Drone  
  13  0:12  Overlord  
  13  0:16  Drone  
  14  0:30  Drone x2  
  16  0:47  Hatchery  
  15  0:51  Drone  
  15  0:54  Drone  
  17  0:58  Drone  
  18  1:12  Extractor  
  18  1:13  Spawning Pool  
  18  1:17  Drone  
  17  1:20  Drone  
  18  1:27  Drone  
  19  1:38  Drone  
  20  1:48  Overlord  
  20  1:59  Queen  
  20  2:00  Queen, Zergling x4  
  26  2:11  Drone x2  
  26  2:13  Metabolic Boost  
  28  2:21  Drone x2  
  30  2:36  Hatchery  
  29  2:40  Drone  
  29  2:43  Drone  
  31  2:47  Queen  
  33  2:53  Overlord  
  33  2:55  Drone  
  33  2:57  Drone  
  35  2:59  Drone  
  36  3:07  Spore Crawler  
  36  3:12  Drone  
  36  3:13  Queen  
  36  3:15  Drone  
  36  3:17  Zergling x6  
  42  3:22  Zergling x2  
  42  3:26  Overlord  
  43  3:33  Spore Crawler  
  42  3:36  Drone  
  42  3:39  Drone  
  44  3:44  Queen  
  44  3:46  Drone x5  
  51  3:50  Drone  
  51  3:55  Drone  
  52  3:58  Drone x3  
  53  4:04  Drone  
  53  4:05  Drone  
  52  4:11  Drone x3  
  52  4:15  Spore Crawler  
  54  4:17  Queen  
  54  4:21  Overlord  
  56  4:26  Overlord  
  56  4:29  Lair  
  56  4:30  Drone x2  
  56  4:31  Drone  
  58  4:35  Overlord  
  58  4:40  Drone  
  58  4:41  Drone x2  
  58  4:44  Drone x4  
  65  4:47  Drone  
  65  4:52  Overlord  
  66  4:54  Drone  
  66  4:55  Drone x4  
  67  5:01  Drone x2  
  67  5:03  Drone x2  
  67  5:05  Extractor x2  
  67  5:06  Overlord  
  69  5:13  Spore Crawler  
  68  5:14  Drone x3  
  68  5:19  Overlord  
  71  5:24  Overlord  
  71  5:26  Extractor, Drone x2  
  71  5:27  Extractor  
  71  5:29  Hydralisk Den  
  71  5:31  Drone  
  71  5:34  Zergling x16  
  79  5:39  Overlord  
  79  5:41  Overlord  
  79  5:49  Overlord  
  79  6:00  Grooved Spines, Hydralisk x6  
  79  6:02  Overlord  
  91  6:12  Hydralisk x4  
  93  6:20  Hydralisk x2  
  93  6:24  Hydralisk, Zergling x4  
  101  6:35  Hydralisk x3  
  101  6:37  Overlord  
  107  6:45  Hydralisk x3  
  107  6:46  Zergling x8  
  116  6:50  Zergling x2  
  116  6:51  Zergling x6  
  119  6:56  Hydralisk x2  
  123  7:03  Zergling x2  
  123  7:04  Zergling x4  
  123  7:08  Hydralisk x2  
  128  7:11  Zergling x6  
  128  7:12  Muscular Augments  
  129  7:24  Hydralisk x4  
  129  7:29  Hydralisk x2  
  136  7:30  Zergling x6  
  124  7:41  Hydralisk x3  
  124  7:43  Zergling x8  
  128  7:53  Hydralisk x3  
  128  7:54  Zergling x8  
  137  8:04  Overlord  
  134  8:07  Zergling x16  
  137  8:16  Zergling x4  
  135  8:23  Zergling x8, Spire  
  135  8:24  Extractor  
Show
View Real Time Build Order
Export as new Build Order

GunGFuBanDa Protoss 

Build Orders: 1 Gate Expand, Oracle Opening 

Get SALT Encoding   

  12  0:00  Probe  
  13  0:12  Probe  
  14  0:19  Pylon  
  14  0:24  Probe (Chrono Boost)  
  15  0:38  Probe (Chrono Boost)  
  15  0:39  Gateway  
  16  0:45  Probe (Chrono Boost)  
  16  0:49  Assimilator  
  17  0:52  Probe  
  18  1:04  Probe  
  19  1:16  Probe  
  20  1:26  Nexus  
  20  1:36  Cybernetics Core  
  20  1:40  Probe  
  20  1:45  Assimilator  
  21  1:52  Probe  
  22  1:54  Pylon  
  22  2:04  Probe (Chrono Boost)  
  23  2:10  Adept (Chrono Boost)  
  25  2:16  Probe (Chrono Boost)  
  25  2:21  Stargate  
  26  2:24  Probe (Chrono Boost)  
  27  2:30  Probe  
  27  2:32  Warp Gate  
  28  2:38  Probe (Chrono Boost)  
  28  2:40  Stalker  
  31  2:49  Probe (Chrono Boost)  
  31  2:50  Probe (Chrono Boost)  
  33  2:56  Probe (Chrono Boost)  
  33  2:58  Probe (Chrono Boost)  
  35  3:05  Probe  
  36  3:07  Oracle (Chrono Boost)  
  36  3:08  Probe  
  40  3:15  Adept  
  40  3:17  Probe  
  40  3:19  Gateway  
  43  3:20  Probe  
  43  3:26  Pylon  
  44  3:29  Probe  
  45  3:36  Probe  
  46  3:41  Oracle (Chrono Boost)  
  46  3:44  Probe  
  46  3:45  Pylon  
  50  3:48  Probe  
  51  3:56  Probe  
  51  4:00  Probe, Shield Battery  
  50  4:12  Probe x2  
  50  4:13  Shield Battery  
  50  4:14  Oracle  
  55  4:19  Assimilator  
  55  4:20  Zealot  
  55  4:21  Zealot  
  59  4:24  Probe  
  59  4:25  Probe  
  60  4:36  Probe  
  60  4:37  Probe  
  62  4:40  Nexus  
  62  4:41  Pylon, Assimilator  
  62  4:46  Pylon  
  62  4:58  Oracle (Chrono Boost)  
  62  4:59  Probe x2  
  67  5:03  Stalker  
  67  5:05  Robotics Facility  
  69  5:08  Forge  
  69  5:12  Probe x2  
  69  5:13  Pylon  
  71  5:23  Sentry  
  71  5:24  Probe x2  
  75  5:36  Probe x2  
  75  5:39  Twilight Council, Shield Battery  
  75  5:40  Pylon  
  77  5:48  Probe (Chrono Boost)  
  79  5:52  Probe x2 (Chrono Boost), Immortal  
  79  5:54  Zealot, Sentry  
  88  6:00  Probe (Chrono Boost)  
  88  6:02  Probe (Chrono Boost), Protoss Ground Weapons Level 1  
  88  6:03  Probe (Chrono Boost)  
  91  6:04  Probe (Chrono Boost)  
  91  6:07  Probe (Chrono Boost)  
  91  6:08  Pylon  
  93  6:12  Probe  
  93  6:14  Probe  
  95  6:19  Probe  
  95  6:21  Stalker, Sentry  
  95  6:24  Probe  
  95  6:25  Assimilator  
  101  6:26  Probe  
  101  6:27  Blink  
  101  6:30  Assimilator  
  101  6:31  Probe  
  103  6:33  Gateway  
  103  6:34  Gateway  
  103  6:36  Probe  
  103  6:39  Observer (Chrono Boost)  
  105  6:42  Robotics Bay  
  101  6:58  Gateway  
  101  7:01  Pylon  
  103  7:04  Photon Cannon, Immortal  
  103  7:05  Shield Battery  
  103  7:07  Pylon  
  105  7:11  Stalker  
  105  7:12  Stalker  
  105  7:13  Probe  
  105  7:15  Pylon  
  110  7:17  Probe, Pylon  
  111  7:29  Stalker x2  
  113  7:35  Stalker x2  
  95  7:38  Probe x2  
  95  7:39  Probe  
  95  7:43  Disruptor (Chrono Boost)  
  89  7:50  Probe x2  
  88  7:56  Stalker  
  88  7:57  Stalker x2  
  91  8:05  Stalker x2  
  93  8:11  Probe x2  
  84  8:19  Probe  
  81  8:22  Gateway  
  81  8:23  Probe  
  81  8:24  Probe, Gateway  
Tags
 
Add a new tag
Caveats
  • Supply blocks, unpowered buildings, or Contaminate may cause inaccurate times.
  • Supply counts are checked every 10 seconds.